AoeStats
← moldymilk95

Lombardia

509875390Analyzed
2v2 RM · 4d ago on Sep 28, 2026· 63m 59s· 4 players
Game mode
Random Map
Map size
Medium (4 player)
Population
200
Speed
Normal
Resources
Standard
Victory
Conquest
Starting age
Dark Age
Ending age
Imperial Age
RankedLock teamsTeams togetherTeam positionsShared explorationLock speedFull tech treeHidden civsTurbo modeCheats
Victory
Defeat
🇦🇺 Maya · Australia
880
+16
🇦🇺 Spanish · Australia
879
+16
905
-17
🇬🇧 Magyars · United Kingdom
846
-15
moldymilk95
0:27 Loom
10:58 Feudal Age
11:42 Double-Bit Axe
16:04 Fletching
16:30 Horse Collar
21:06 Castle Age
21:48 Wheelbarrow
21:14 Crossbowman
22:23 Bodkin Arrow
24:14 Bow Saw
25:27 Heavy Plow
26:20 Hand Cart
30:25 Stone Mining
30:46 Pikeman
31:49 Scale Mail Armor
31:59 Forging
32:56 Chain Mail Armor
33:22 Squires
36:09 Thumb Ring
36:10 Padded Archer Armor
36:20 Forging
42:20 Imperial Age
41:56 Eagle Warrior
43:21 Conscription
43:24 Bracer
42:47 Arbalester
43:36 Town Watch
44:17 Leather Archer Armor
45:23 Chemistry
44:45 Ballistics
45:48 Ring Archer Armor
45:53 Iron Casting
45:54 Halberdier
49:08 Blast Furnace
48:38 Plate Mail Armor
49:32 Holcans
60:52 Elite Eagle Warrior
Danye9876
11:52 Feudal Age
16:11 Castle Age
16:08 Double-Bit Axe
18:48 Bow Saw
23:57 Horse Collar
26:28 Wheelbarrow
26:47 Heavy Plow
28:55 Gold Mining
29:04 Stone Mining
29:27 Forging
29:23 Scale Barding Armor
31:18 Husbandry
35:49 Chain Barding Armor
36:05 Iron Casting
35:31 Padded Archer Armor
35:56 Bloodlines
39:48 Imperial Age
37:38 Hand Cart
41:52 Two-Man Saw
41:22 Conscription
40:26 Elite Conquistador
42:02 Ballistics
42:44 Chemistry
41:57 Fortified Wall
41:53 Cavalier
43:21 Stone Shaft Mining
44:19 Caravan
46:09 Blast Furnace
45:44 Plate Barding Armor
45:25 Leather Archer Armor
45:12 Onager
49:01 Paladin
49:50 Scale Mail Armor
50:21 Ring Archer Armor
56:32 Light Cavalry
砍德沃.基尔邦硬.香达菲基
5:07 Loom
11:01 Feudal Age
12:20 Double-Bit Axe
18:13 Castle Age
19:14 Bow Saw
19:04 Horse Collar
19:56 Scale Mail Armor
20:05 Eagle Warrior
23:13 Squires
23:32 Chain Mail Armor
24:28 Forging
27:22 Iron Casting
28:21 Wheelbarrow
28:10 Atlatl
34:14 Imperial Age
35:20 Conscription
36:17 Plate Mail Armor
36:25 Hand Cart
36:58 Town Watch
37:53 Elite Skirmisher
38:26 Fletching
38:38 Padded Archer Armor
40:21 Caravan
40:49 Bodkin Arrow
41:10 Leather Archer Armor
42:54 Garland Wars
44:27 Pikeman
44:52 Arson
46:16 Blast Furnace
45:17 Bracer
45:24 Elite Jaguar Warrior
48:55 Murder Holes
49:49 Leather Archer Armor
53:40 Ballistics
52:48 Capped Ram
56:42 Siege Engineers
56:55 Elite Eagle Warrior
59:51 Man-at-Arms
60:17 Gambesons
61:39 Town Patrol
61:09 Long Swordsman
63:16 Two-Handed Swordsman
64:16 Gold Mining
64:16 Stone Mining
paceylemon
8:54 Loom
11:11 Feudal Age
13:10 Double-Bit Axe
14:59 Horse Collar
21:00 Castle Age
20:10 Fletching
21:51 Gold Mining
23:26 Bodkin Arrow
23:57 Heavy Plow
24:52 Bow Saw
25:07 Bloodlines
25:36 Husbandry
26:12 Scale Barding Armor
25:58 Light Cavalry
27:49 Chain Barding Armor
38:22 Wheelbarrow
37:33 Town Watch
41:36 Imperial Age
39:57 Corvinian Army
42:51 Elite Magyar Huszar
44:17 Plate Barding Armor
44:38 Conscription
45:53 Crop Rotation
46:24 Hand Cart
47:17 Two-Man Saw
50:10 Heavy Cavalry Archer
51:16 Parthian Tactics
50:57 Thumb Ring
52:13 Bracer
52:14 Padded Archer Armor
53:50 Ballistics
54:31 Chemistry
55:34 Leather Archer Armor
Connection lost

Rejoining the realm…

Still unreachable

The connection could not be restored.

Session expired

The server has moved on; the page needs a fresh start.